 Dungeon Crawl Stone Soup version 0.30-b1-2-g02819fbbbe (webtiles) character file.

Game seed: 6783753620793060612

38978 cowcol the Severer (level 13, -17/138 HPs)
             Began as a Minotaur Fighter on May 3, 2023.
             Was a High Priest of Okawaru.
             Shot with an arrow by Nessos (19 damage)
             ... on level 3 of the Lair of Beasts.
             The game lasted 01:03:35 (22533 turns).

cowcol the Severer (Minotaur Fighter)              Turns: 22533, Time: 01:03:36

Health: -17/138    AC: 27    Str: 27    XL:     13   Next: 66%
Magic:  6/13       EV: 16    Int:  5    God:    Okawaru [*****.]
Gold:   921        SH:  7    Dex: 14    Spells: 12/12 levels left

rFire   . . .        l - +3 broad axe (venom)
rCold   + . .        c - +0 buckler
rNeg    . . .        m - +2 plate armour
rPois   .            (helmet restricted)
rElec   .            (no cloak)
rCorr   .            h - +2 pair of gloves {Stlth+}
SInv    .            f - +2 pair of boots
Will    .....        (no amulet) Stlth
                     Z - ring "Laimech" {Wiz rC+ Str+3 Dex+2}
HPRegen 0.43/turn    I - +5 ring of evasion
MPRegen 0.13/turn

%: wizardry (x1)
@: lethally poisoned (-17 -> -65), heroic, finesse-ful
A: horns 2, retaliatory headbutt, claws 1, robust 1, wild magic 1
a: Renounce Religion, Heroism, Finesse, Duel


You were on level 3 of the Lair of Beasts.
You worshipped Okawaru.
Okawaru was extremely pleased with you.
You visited 4 branches of the dungeon, and saw 18 of its levels.
You also visited: Ossuary and Gauntlet.

You collected 1536 gold pieces.
You spent 615 gold pieces at shops.

Inventory:

Hand Weapons
 d - a +4 scimitar of flaming
 l - a +3 broad axe of venom (weapon)
 C - a +3 battleaxe of freezing
Missiles
 b - 6 javelins (quivered)
 u - 39 poisoned darts
 P - 21 boomerangs
Armour
 c - a +0 buckler (worn)
 f - a +2 pair of boots (worn)
 h - a +2 pair of gloves of stealth (worn)
 m - a +2 plate armour (worn)
 v - an orb of guile
 L - the scarf of Omission {shadows, Harm Will- Str-2 Dex+9}
   (You found it on level 9 of the Dungeon)

   Str:       It affects your strength (-2).
   Dex:       It affects your dexterity (+9).
   Harm:      It increases damage dealt and taken.
   Will:      It decreases your willpower.
 V - a scarf of invisibility
Jewellery
 a - the ring of Noytziy {rElec rN+}
   (You found it in a Gauntlet)

   [ring of positive energy]

   rElec:     It insulates you from electricity.
   rN:        It protects you from negative energy.
 n - a ring of ice
 o - a ring of flight
 p - an amulet of regeneration
 r - an amulet of reflection
 s - a ring of see invisible
 B - a ring of willpower
 I - a +5 ring of evasion (right hand)
 Q - a ring of protection from fire
 Z - the ring "Laimech" (left hand) {Wiz rC+ Str+3 Dex+2}
   (You found it in a Gauntlet)

   [ring of wizardry]

   It improves your spell success rate.
   Str:       It affects your strength (+3).
   Dex:       It affects your dexterity (+2).
   rC:        It protects you from cold.
Wands
 x - a wand of flame (57)
 H - a wand of roots (12)
 K - a wand of mindburst (5)
 M - a wand of digging (10)
 O - a wand of charming (16)
Scrolls
 k - 3 scrolls of poison
 q - a scroll of fear
 t - 2 scrolls of identify
 A - 5 scrolls of immolation
 F - a scroll of torment
 G - 2 scrolls of fog
 N - 3 scrolls of teleportation
 S - a scroll of amnesia
Potions
 e - 2 potions of attraction
 g - 2 potions of heal wounds
 i - 3 potions of curing
 j - 3 potions of flight
 w - a potion of ambrosia {unknown}
 z - a potion of berserk rage {unknown}
 D - 6 potions of lignification
 E - 4 potions of invisibility
 J - a potion of magic {unknown}
 R - 4 potions of brilliance {unknown}
 T - a potion of cancellation {unknown}
 U - a potion of resistance
 Y - a potion of might
Miscellaneous
 y - a lightning rod (4/4)


   Skills:
 + Level 15.0(20.0) Fighting
 + Level 4.0(9.0) Long Blades
 - Level 18.0(23.0) Axes
 - Level 3.3(8.3) Throwing
 + Level 13.2(18.2) Armour
 + Level 1.6(6.6) Dodging
 - Level 9.0(14.0) Shields
 + Level 1.7 Invocations


You had 12 spell levels left.
You didn't know any spells.
Your spell library contained the following spells:

 Spells                   Type           Power      Damage    Failure   Level
 Freeze                   Ice            0%         1d3       78%         1
 Kiss of Death            Conj/Necr      0%         2d5       78%         1
 Confusing Touch          Hex            0%         N/A       98%         3
 Frozen Ramparts          Ice            0%         1d1       98%         3
 Hailstorm                Conj/Ice       0%         3d3       98%         3
 Inner Flame              Hex/Fire       0%         N/A       98%         3
 Ozocubu's Armour         Ice            0%         N/A       98%         3
 Dispel Undead            Necr           0%         3d6       100%        4
 Petrify                  Tmut/Erth      0%         N/A       100%        4
 Blade Hands              Tmut           0%         N/A       100%        5
 Metabolic Englaciation   Hex/Ice        0%         N/A       100%        5
 Yara's Violent Unravell  Hex/Tmut       0%         3d3       100%        5
 Iron Shot                Conj/Erth      0%         9d1       100%        6
 Statue Form              Tmut/Erth      0%         N/A       100%        6
 Enfeeble                 Hex            0%         N/A       100%        7
 Animate Armour           Summ/Erth      Unusable   N/A       N/A         4
 Simulacrum               Ice/Necr       Unusable   N/A       N/A         6

Dungeon Overview and Level Annotations

Branches:
Dungeon (12/15)            Temple (1/1) D:4            Lair (3/5) D:11
    Orc (2/2) D:10            Elf (0/3) Orc:2       Ossuary (visited)
Gauntlet (visited)
  Swamp: Lair:2-3    Shoals: Lair:2-3     Snake: Lair:2-3    Spider: Lair:2-3

Altars:
Ashenzari
Cheibriados
Dithmenos
Elyvilon
Fedhas
Gozag
Hepliaklqana
Kikubaaqudgha
Makhleb
Nemelex Xobeh
Okawaru
Qazlal
Ru
Sif Muna
Trog
Uskayaw
Vehumet
Wu Jian
Xom
Yredelemnul
Zin
The Shining One

Shops:
D:2 :   D:7 *!:=   D:8 !   D:11 :   Orc:2 (

Annotations:
D:11 exclusion: oklob plant
Lair:3 Nessos


Innate Abilities, Weirdness & Mutations

You have a pair of horns on your head.
You reflexively headbutt those who attack you in melee.
You have sharp fingernails.
You are robust. (+10% HP)
Your spells are a little harder to cast, but a little more powerful.


Message History

You are poisoned.
Nessos shoots an arrow.
The arrow hits you. The arrow burns you.
You are more poisoned.
You feel very sick.
Nessos shoots an arrow.
The arrow barely misses you.
You feel very sick.
Nessos gestures wildly while chanting.
Nessos blinks!
You feel very sick.
Nessos shoots an arrow.
The arrow hits you. The arrow burns you.
You are more poisoned.
Nessos shoots an arrow.
The arrow closely misses you.
Nessos shoots an arrow.
The arrow closely misses you.
You feel very sick.
Nessos shoots an arrow.
The arrow hits you but does no damage.
Nessos mumbles some strange words.
Nessos blinks!
You feel very sick.
Nessos mumbles some strange words.
Nessos blinks!
Nessos shoots an arrow.
The arrow closely misses you.
You gain the combat prowess of a mighty hero.
You feel very sick.
Nessos shoots an arrow.
The arrow hits you! The arrow burns you.
You are more poisoned.
You can now deal lightning-fast blows.
You feel very sick.
Nessos shoots an arrow.
The arrow hits you!
* * * LOW HITPOINT WARNING * * *
The arrow burns you.
You are lethally poisoned!
* * * LOW HITPOINT WARNING * * *
* * * LOW HITPOINT WARNING * * *
You feel extremely sick.
Nessos shoots an arrow.
The arrow hits you!
* * * LOW HITPOINT WARNING * * *
The arrow burns you!
You are more poisoned.
* * * LOW HITPOINT WARNING * * *
Nessos shoots an arrow.
The arrow hits you!!
You die...

#### ##♣~~##
P~~~P#
##♣♣~~~~♣#####
#~♣~P~~~P....##
#~~PP.~♣.....#
#.......c...##
#.....@.....P#
##............#
#..............
##........####.
#........##
#.........#
##.......###
###...######
### ####P##..#


You could see Nessos (fast, resistant).

Vanquished Creatures
  Kirke (D:12)
  A minotaur (Gauntlet)
  An entropy weaver (Gauntlet)
  Erica (Orc:1)
  2 boulder beetles
  6 two-headed ogres
  A skeletal warrior (D:12)
  Amaemon (D:9)
  Pikel (D:7)
  2 orc knights
  An orc sorcerer (Orc:1)
  2 cyclopes (D:12)
  A worldbinder (Gauntlet)
  2 black mambas
  Maggie (D:8)
  An orange demon (D:9)
  5 cane toads
  A kobold demonologist (D:11)
  2 gargoyles
  A rime drake (Lair:2)
  5 komodo dragons
  An unseen horror (D:7)
  An efreet (Gauntlet)
  2 polar bears (Lair:2)
  11 trolls
  A hornet (D:10)
  8 blink frogs
  Prince Ribbit (D:8)
  A jumping spider (Gauntlet)
  A jumping spider (shapeshifter) (D:11)
  A slime creature (D:12)
  A shadow (D:10)
  4 wraiths
  35 yaks
  A human (D:12)
  6 wyverns
  2 fire elementals (Gauntlet)
  3 basilisks
  2 steam dragons
  4 hogs (D:12)
  A vampire mosquito (D:12)
  2 wargs
  4 acid dragons
  8 water moccasins
  A hell hound (Gauntlet)
  14 orc warriors
  3 black bears
  An ice beast (D:6)
  4 wolves (Lair:2)
  2 sky beasts (D:7)
  6 ogres
  3 boggarts (Gauntlet)
  4 centaurs
  3 kobold brigands
  4 bullfrogs
  Blork the orc (D:6)
  3 scorpions
  An elf zombie (Ossuary)
  A gnoll sergeant (D:8)
  9 wights
  6 killer bees (D:9)
  A vampire bat (D:6)
  20 howler monkeys
  A human zombie (Ossuary)
  8 hounds
  5 orc priests
  Jessica (D:3)
  7 iguanas
  18 orc wizards
  2 sleepcaps
  2 mummies (Ossuary)
  9 gnolls
  4 adders
  A shadow imp (D:5)
  A white imp (D:6)
  An adder zombie (Ossuary)
  A worm (D:2)
  2 dart slugs
  42 orcs
  11 bats
  3 endoplasms
  4 giant cockroaches (D:2)
  6 goblins
  7 hobgoblins
  10 jackals
  20 kobolds
  2 quokkas
  8 ball pythons
  A frilled lizard (D:2)
  A goblin zombie (Ossuary)
  12 hobgoblin zombies (Ossuary)
  3 jackal zombies (Ossuary)
  10 kobold zombies (Ossuary)
  6 orc zombies (Ossuary)
  3 rats (D:2)
  A rat zombie (Ossuary)
  3 bushes (D:11)
443 creatures vanquished.

Vanquished Creatures (others)
  23 fungi
  58 plants
81 creatures vanquished.

Grand Total: 524 creatures vanquished

Notes
Turn   | Place    | Note
-------+----------+-------------------------------------------
     0 | D:1      | cowcol the Minotaur Fighter began the quest for the Orb.
     0 | D:1      | Reached XP level 1. HP: 19/19 MP: 0/0
   200 | D:1      | Reached XP level 2. HP: 27/27 MP: 1/1
   594 | D:2      | Reached skill level 3 in Axes
   594 | D:2      | Reached XP level 3. HP: 30/33 MP: 2/2
  1262 | D:2      | Found Rerhocum's Vocational Training.
  1562 | D:3      | Noticed Jessica
  1567 | D:3      | Killed Jessica
  1568 | D:3      | Reached XP level 4. HP: 36/41 MP: 3/3
  1800 | D:3      | Found a faded altar of an unknown god.
  2102 | D:3      | Reached skill level 4 in Axes
  2601 | D:4      | Noticed a black bear
  2606 | D:4      | Reached XP level 5. HP: 39/47 MP: 4/4
  2607 | D:4      | Killed a black bear
  2608 | D:4      | Reached skill level 5 in Axes
  2608 | D:4      | Reached skill level 5 in Armour
  2609 | D:4      | Found a staircase to the Ecumenical Temple.
  2627 | Temple   | Entered the Ecumenical Temple
  2685 | D:4      | Noticed a black bear
  2702 | D:4      | Killed a black bear
  2703 | D:4      | Reached XP level 6. HP: 51/53 MP: 5/5
  2848 | D:4      | Reached skill level 6 in Axes
  3309 | D:4      | Reached skill level 5 in Fighting
  3555 | D:5      | Entered Level 5 of the Dungeon
  3633 | D:5      | Reached XP level 7. HP: 61/61 MP: 6/6
  3650 | D:5      | Reached skill level 7 in Axes
  3650 | D:5      | Reached skill level 1 in Throwing
  4596 | D:5      | Reached skill level 8 in Axes
  5121 | D:6      | Noticed a two-headed ogre
  5130 | D:6      | Killed a two-headed ogre
  5131 | D:6      | Reached skill level 9 in Axes
  5131 | D:6      | Reached XP level 8. HP: 46/70 MP: 7/7
  5300 | D:6      | Reached skill level 10 in Axes
  5345 | D:6      | Noticed Blork the orc
  5353 | D:6      | Killed Blork the orc
  6084 | D:6      | Reached XP level 9. HP: 78/78 MP: 8/8
  6131 | D:6      | Reached skill level 11 in Axes
  6248 | D:7      | Found a bloodstained altar of Trog.
  6272 | D:7      | Found Xaveseda's Book Shoppe.
  6302 | D:7      | Noticed Pikel
  6318 | D:7      | Killed Pikel
  6319 | D:7      | Reached skill level 12 in Axes
  6379 | D:7      | Found Moaseet's Distillery.
  6396 | D:7      | Found Peode Xoxer's Assorted Antiques.
  6469 | D:7      | Found a sand-covered staircase.
  6475 | Ossuary  | Entered an ossuary
  6828 | D:7      | Reached skill level 13 in Axes
  6855 | D:7      | Reached XP level 10. HP: 88/88 MP: 9/9
  7207 | D:7      | Found a sparkling altar of Nemelex Xobeh.
  7209 | D:7      | Found a shadowy altar of Dithmenos.
  7284 | D:7      | Bought a scroll of identify for 42 gold pieces
  7284 | D:7      | Bought a scroll labelled EQUOSU XIYLUTAXACS for 21 gold
                  | pieces
  7284 | D:7      | Bought a scroll of immolation for 84 gold pieces
  7305 | D:7      | Bought a potion of mutation for 112 gold pieces
  7676 | D:7      | Noticed a gargoyle
  7681 | D:7      | Killed a gargoyle
  7685 | D:7      | Reached skill level 14 in Axes
  7777 | D:7      | Found Huurph's Jewellery Shoppe.
  7789 | D:7      | Found an iron altar of Okawaru.
  8602 | D:8      | Noticed Maggie
  8628 | D:8      | Killed Maggie
  9057 | D:8      | Reached skill level 10 in Armour
  9676 | D:8      | Found Qiru's Distillery.
  9683 | D:8      | Bought a potion of mutation for 104 gold pieces
  9683 | D:8      | Gained mutation: Your spells are a little harder to cast,
                  | but a little more powerful. [potion of mutation]
  9684 | D:8      | Lost mutation: Your spells are a little harder to cast, but
                  | a little more powerful. [potion of mutation]
  9684 | D:8      | Gained mutation: You have sharp fingernails. [potion of
                  | mutation]
  9684 | D:8      | Gained mutation: You are robust. (+10% HP) [potion of
                  | mutation]
  9684 | D:8      | Gained mutation: Your spells are a little harder to cast,
                  | but a little more powerful. [potion of mutation]
  9713 | D:8      | Noticed Prince Ribbit
  9737 | D:8      | Killed Prince Ribbit
 10358 | D:9      | Noticed a boulder beetle
 10386 | D:9      | Killed a boulder beetle
 10387 | D:9      | Reached skill level 15 in Axes
 10387 | D:9      | Reached XP level 11. HP: 64/106 MP: 10/10
 10847 | D:9      | Identified the scarf of Omission {shadows, Harm Will- Str-2
                  | Dex+9}
 11027 | D:9      | Noticed Amaemon
 11047 | D:9      | Killed Amaemon
 11055 | D:9      | Reached skill level 10 in Fighting
 11636 | D:9      | Found an ornate altar of the Wu Jian Council.
 12084 | D:7      | Became a worshipper of Warmaster Okawaru
 12221 | D:10     | Entered Level 10 of the Dungeon
 12342 | D:10     | Noticed a two-headed ogre
 12350 | D:10     | Killed a two-headed ogre
 12351 | D:10     | Reached skill level 16 in Axes
 12351 | D:10     | Reached skill level 5 in Shields
 12420 | D:10     | Found a glowing silver altar of Zin.
 12447 | D:10     | Reached * piety under Okawaru
 12607 | D:10     | Found a staircase to the Orcish Mines.
 12695 | D:10     | Found a glowing golden altar of the Shining One.
 13136 | D:11     | Noticed a two-headed ogre
 13145 | D:11     | Killed a two-headed ogre
 13341 | D:11     | Noticed a two-headed ogre
 13351 | D:11     | Killed a two-headed ogre
 13592 | D:11     | Noticed a two-headed ogre
 13599 | D:11     | Killed a two-headed ogre
 13599 | D:11     | Reached ** piety under Okawaru
 13815 | D:11     | Found Myxeos's Book Shop.
 13893 | D:11     | Found a blossoming altar of Fedhas.
 13905 | D:11     | Noticed an oklob plant
 14082 | D:11     | Found a staircase to the Lair.
 14369 | D:12     | Noticed a boulder beetle
 14384 | D:12     | Killed a boulder beetle
 14385 | D:12     | Reached XP level 12. HP: 63/118 MP: 11/11
 14444 | D:12     | Found a gate leading to a gauntlet.
 14461 | Gauntlet | Entered a Gauntlet
 14461 | Gauntlet | Found a transporter.
 14461 | Gauntlet | Found a transporter.
 14461 | Gauntlet | Found a large runed translucent door.
 14461 | Gauntlet | Found a large runed translucent door.
 14461 | Gauntlet | Found a large runed translucent door.
 14461 | Gauntlet | Found a large runed translucent door.
 14461 | Gauntlet | Found a large runed translucent door.
 14461 | Gauntlet | Found a large runed translucent door.
 14461 | Gauntlet | Found a runed translucent door.
 14461 | Gauntlet | Found a runed translucent door.
 14461 | Gauntlet | Found a large runed translucent door.
 14461 | Gauntlet | Found a large runed translucent door.
 14461 | Gauntlet | Found a large runed translucent door.
 14461 | Gauntlet | Found a large runed translucent door.
 14461 | Gauntlet | Found a large runed translucent door.
 14461 | Gauntlet | Found a large runed translucent door.
 14463 | Gauntlet | Found a large runed translucent door.
 14463 | Gauntlet | Found a large runed translucent door.
 14464 | Gauntlet | Found a runed translucent gate.
 14464 | Gauntlet | Found a runed translucent gate.
 14464 | Gauntlet | Found a runed translucent gate.
 14531 | Gauntlet | Found a transporter.
 14531 | Gauntlet | Found a transporter.
 14545 | Gauntlet | Found a large runed translucent door.
 14549 | Gauntlet | Found a transporter.
 14555 | Gauntlet | Found a transporter.
 14555 | Gauntlet | Found a transporter.
 14557 | Gauntlet | Noticed an entropy weaver
 14558 | Gauntlet | Found a transporter.
 14564 | Gauntlet | Found a transporter.
 14587 | Gauntlet | Found a transporter.
 14637 | Gauntlet | Found a large runed translucent door.
 14648 | Gauntlet | Found a transporter.
 14665 | Gauntlet | Found a transporter.
 14680 | Gauntlet | Found a transporter.
 14794 | Gauntlet | Found a transporter.
 14836 | Gauntlet | Noticed a tengu warrior
 14837 | Gauntlet | Noticed an ironbound thunderhulk
 14837 | Gauntlet | Noticed an ironbound thunderhulk
 14838 | Gauntlet | Noticed a green very ugly thing
 14838 | Gauntlet | Noticed a red very ugly thing
 14861 | Gauntlet | Found a transporter.
 14906 | Gauntlet | Found a transporter.
 14917 | Gauntlet | Identified the ring "Laimech" {Wiz rC+ Str+3 Dex+2}
 14923 | Gauntlet | Reached skill level 17 in Axes
 14990 | Gauntlet | Killed an entropy weaver
 15245 | Gauntlet | Identified the staff of air "Quiru" {rElec Str+4}
 15247 | Gauntlet | Identified the ring of Noytziy {rElec rN+}
 15301 | Gauntlet | Noticed a minotaur
 15313 | Gauntlet | Killed a minotaur
 15323 | Gauntlet | Identified the +0 leather armour "Coamuife" {Harm Dex+3
                  | Stlth-}
 15908 | D:12     | Noticed Kirke
 15927 | D:12     | Killed Kirke
 15928 | D:12     | Reached skill level 1 in Invocations
 16889 | D:12     | Reached *** piety under Okawaru
 16894 | D:12     | Reached skill level 18 in Axes
 17934 | D:12     | Noticed a two-headed ogre
 17945 | D:12     | Killed a two-headed ogre
 18062 | D:12     | Reached **** piety under Okawaru
 18231 | Orc:1    | Entered Level 1 of the Orcish Mines
 18516 | Orc:1    | Reached XP level 13. HP: 111/130 MP: 11/13
 18524 | Orc:1    | Noticed Erica
 18843 | Orc:1    | Killed Erica
 19250 | Orc:1    | You fall into a shaft and drop 1 floor!
 19250 | Orc:2    | Entered Level 2 of the Orcish Mines
 19254 | Orc:2    | Found Zerphiupp's Weapon Shoppe.
 19279 | Orc:2    | Noticed an ettin
 19319 | Orc:2    | Found a staircase to the Elven Halls.
 19362 | Orc:2    | Noticed an orc warlord
 19969 | Lair:1   | Entered Level 1 of the Lair of Beasts
 20465 | D:7      | Bought a runed orb for 252 gold pieces
 20676 | Lair:1   | Reached skill level 1 in Long Blades
 20782 | Lair:1   | Reached ***** piety under Okawaru
 20783 | Lair:1   | Reached skill level 1 in Dodging
 21524 | Lair:2   | Identified the +3 robe "Hocyarph" {rElec} (Okawaru gifted
                  | it to you on level 2 of the Lair of Beasts)
 21524 | Lair:2   | Received a gift from Okawaru
 22301 | Lair:2   | Reached skill level 15 in Fighting
 22512 | Lair:3   | Noticed Nessos
 22533 | Lair:3   | HP: 2/138 [Nessos/arrow (7)]
 22533 | Lair:3   | Shot with an arrow by Nessos

Illustrated notes

Levels and vault maps discovered:
D:1:      amcnicky_arrival_underground_garden, layout_basic,
          corexii_leaking_fountain
D:2:      layout_loops_ring, nicolae_shop_vocational
D:3:      layout_basic, hellmonk_ecumenical_altar_crossroads,
          kennysheep_big_empty_room, kennysheep_cross_bottleneck, uniq_jessica
D:4:      layout_loops_corners, minmay_temple_entry_grid, dreamdust_gnoll_farm
D:5:      layout_loops_ring, grunt_ministairs_11
D:6:      layout_loops_cross, serial_glass, glass_columns_a, glass_columns_a,
          roderic_batcave, uniq_blork_the_orc
D:7:      layout_cave_pods, trog_hazing_becter, jmf_multi_god_temple,
          mainiacjoe_overflow_cross_hatched, serial_shops, kennysheep_mini_moat,
          nicolae_shop_real_fake_doors, shop, nicolae_shop_getting_attention,
          nicolae_ossuary_entry_plus, minmay_shattered_shrine, uniq_pikel
D:8:      layout_basic, serial_shops, nicolae_shop_crystal, uniq_maggie,
          uniq_prince_ribbit1
D:9:      layout_stronghold, mainiacjoe_overflow_six_doors_small,
          nzn_sisyphean_effort, uniq_amaemon
D:10:     layout_long_grid, mainiacjoe_overflow_surrounded_room,
          mainiacjoe_overflow_small_starburst, orc_0_dummy
D:11:     layout_loops_ring, lair_entry_dummy, serial_shops, shop, tgw_fedhas
D:12:     kennysheep_big_flooded_room, layout_cave_pools,
          gauntlet_entry_generic, kennysheep_kite_vault, uniq_kirke
Temple:   hellmonk_temple_of_storms
Lair:1:   statuecave_lemuel, layout_regular_city
Lair:2:   layout_loops_ring
Lair:3:   layout_cave_pods, elwin_shoals_entry_rocks,
          minmay_snake_entry_guardpost_medium, serial_bayou_shore_b, uniq_nessos
Orc:1:    layout_caves, basic_altar, uniq_erica
Orc:2:    st_orc_ogre_mass, layout_diamond_mine, serial_shops, shop,
          nicolae_orc_flooded_monolith, minmay_orc_temple_b

Skill      XL: |  1  2  3  4  5  6  7  8  9 10 11 12 13 |
---------------+----------------------------------------+-----
Armour         | 4 5 6 7 8 9 10 11 12 13 | 13.2
Fighting       | 4 5 6 8 9 10 13 15 | 15.0
Axes           | 3 4 5 6 9 10 13 15 16 18 | 18.0
Throwing       | 1 2 3 |  3.3
Shields        | 5 8 9 |  9.0
Invocations    | 1 |  1.7
Long Blades    | 4 |  4.0
Dodging        | 1 |  1.6

Action                     |  1- 3 |  4- 6 |  7- 9 | 10-12 | 13-15 || total
---------------------------+-------+-------+-------+-------+-------++-------
  Melee: War axe           |    67 |       |       |       |       ||    67
         Headbutt          |    10 |     7 |    31 |   161 |    58 ||   267
         Broad axe         |    10 |    70 |   249 |   608 |   237 ||  1174
  Throw: Stone             |    10 |     5 |     2 |       |       ||    17
         Dart              |       |     4 |     3 |     4 |       ||    11
         Javelin           |       |       |       |    18 |     4 ||    22
 Invoke: Heroism           |       |       |       |     7 |     3 ||    10
         Finesse           |       |       |       |       |     1 ||     1
  Evoke: Wand              |       |       |       |       |     5 ||     5
         Lightning rod     |       |       |       |       |     1 ||     1
    Use: Scroll            |     2 |     4 |     4 |    12 |    10 ||    32
         Potion            |     1 |     2 |     4 |     5 |     5 ||    17
 Armour: Scale mail        |    39 |    37 |     5 |       |       ||    81
         Chain mail        |       |       |    92 |    46 |       ||   138
         Plate armour      |       |       |       |   157 |    95 ||   252
  Dodge: Dodged            |    39 |    33 |    77 |   202 |   121 ||   472
  Block: Buckler           |    26 |    38 |    97 |   228 |   130 ||   519
         Reflection        |       |       |     3 |    11 |     7 ||    21
